 Dungeon Crawl Stone Soup version 0.32-a0-407-g4da7c8d6d1 (webtiles) character file.

Game seed: 2201640883821534017

33 seren the Sneak (level 3, -1/29 HPs)
             Began as a Coglin Delver on Feb 20, 2024.
             Succumbed to a scorpion's poison
             ... on level 4 of the Dungeon.
             The game lasted 00:02:05 (454 turns).

seren the Sneak (Coglin Delver)                      Turns: 454, Time: 00:02:06

Health: -1/29      AC:  5    Str: 12    XL:     3   Next: 29%
Magic:  3/3        EV: 12    Int:  9    God:
Gold:   7          SH:  0    Dex: 17    Spells: 2/2 levels left

rFire   . . .        a - +0 short sword {Minjee}
rCold   . . .        j - +0 short sword {Shedsu-nefertum}
rNeg    . . .        b - +0 leather armour
rPois   .            i - +2 hat
rElec   .            (no cloak)
rCorr   .            (no gloves)
SInv    .            (no boots)
Will    .....        (no amulet)
Stlth   +++          (no ring)
HPRegen 0.24/turn    (no ring)
MPRegen 0.08/turn

%: no passive effects
@: lethally poisoned (-1 -> -34), immotile, revving
A: off-hand wielding, slow wielding, warmup strikes, legs shutdown
a: no special abilities


You were on level 4 of the Dungeon.
You visited 1 branch of the dungeon, and saw 2 of its levels.

You collected 7 gold pieces.

Inventory:

Hand Weapons
 a - a +0 short sword (weapon) {Minjee}
 j - a +0 short sword (offhand) {Shedsu-nefertum}
Armour
 b - a +0 leather armour (worn)
 i - a +2 hat (worn)
Wands
 g - a wand of digging (3)
Scrolls
 c - a scroll of fog
 d - a scroll of teleportation {unknown}
 h - a scroll of identify {unknown}
Potions
 e - a potion of heal wounds {unknown}
 f - a potion of haste
 k - a potion of magic {unknown}


   Skills:
 + Level 3.3 Fighting
 + Level 2.2 Short Blades
 + Level 2.2 Dodging
 + Level 4.3 Stealth


You had 2 spell levels left.
You didn't know any spells.
Your spell library was empty.

Dungeon Overview and Level Annotations

Branches:
Dungeon (5/15)
 Temple: D:4-7

Altars:

Annotations:
D:4 exclusion: howler monkey
D:5 Ijyb


Innate Abilities, Weirdness & Mutations

You can wield a second weapon in your off-hand.
It takes a long time for you to wield or remove held weapons.
Your first few attacks do less damage.
Attacking and casting redirects power from your legs.


Message History

The adder bites you but does no damage.
You barely miss the adder with your +0 short sword.
The adder is almost dead.
You miss the adder with your +0 short sword.
The adder bites you.
* * * LOW HITPOINT WARNING * * *
You hit the adder with your +0 short sword.
You kill the adder!
You have reached level 3!
Your experience leads to an increase in your attributes!
Increase (S)trength, (I)ntelligence, or (D)exterity?
You feel agile. x2
You start resting.
You are no longer unable to travel.
You start resting.
HP restored.
You see here a +0 robe.
There is a stone staircase leading up here.
You climb upwards.
Level annotation: exclusion: howler monkey The scorpion stings you!
You are poisoned.
The scorpion poisons you! The scorpion stings you.
* * * LOW HITPOINT WARNING * * *
You are lethally poisoned!
The scorpion poisons you!
There is a stone staircase leading down here.
You hit the scorpion with your +0 short sword.
The scorpion is moderately wounded.
You hit the scorpion with your +0 short sword.
* * * LOW HITPOINT WARNING * * *
You feel very sick. The scorpion stings you.
* * * LOW HITPOINT WARNING * * *
You are more poisoned.
The scorpion poisons you!
You closely miss the scorpion with your +0 short sword.
The scorpion is moderately wounded.
You barely miss the scorpion with your +0 short sword.
You die...

..#...# ..# #.##..## #.#
... .......####.# ##...
.....#....(.#####...
.....##...........###
...............#..#$[##
......†...........#.#.# #
.....).........##.#...#..#
......#.###.....@.#†#...#
........###†..###sJ.(.#
.......###..### #.#.#...#
.##....##..## #.#...#..#
....##....## #.#.#.# ##
####...### #.#)[## h....#.
#.### .... .. .!# ..# ###
..


You could see a scorpion and a jelly.

Vanquished Creatures
  2 adders
  A dart slug (D:4)
  An orc (D:4)
  A hobgoblin (D:4)
  A quokka (D:4)
  A goblin (D:4)
  A kobold (D:4)
8 creatures vanquished.

Notes
Turn   | Place    | Note
-------+----------+-------------------------------------------
     0 | D:5      | seren the Coglin Delver began the quest for the Orb.
     0 | D:5      | Reached XP level 1. HP: 18/18 MP: 1/1
    92 | D:5      | Noticed a black bear
   160 | D:5      | Noticed an ogre
   181 | D:5      | Noticed Ijyb
   249 | D:4      | Reached XP level 2. HP: 24/24 MP: 2/2
   291 | D:4      | Noticed a howler monkey
   317 | D:4      | Noticed a scorpion
   332 | D:5      | Reached XP level 3. HP: 4/29 MP: 3/3
   454 | D:4      | Succumbed to a scorpion's poison

Illustrated notes

Levels and vault maps discovered:
D:4:      minmay_spotlight, layout_rooms, gammafunk_ghost_cemetery
D:5:      layout_basic, uniq_eustachio, uniq_ijyb

Skill      XL: |  1  2 |
---------------+-------+-----
Short Blades   | 2 |  2.2
Dodging        | 2 |  2.2
Fighting       | |  3.3
Stealth        | |  4.3

Action                     || total
---------------------------++-------
  Melee: Short sword       ||    63
    Use: Scroll            ||     2
   Stab: Sleeping          ||     3
 Armour: Leather armour    ||    27
  Dodge: Dodged            ||    13

Table legend: (Time is in decaauts)
 A = Elapsed time spent in this place.
 B = Non-inter-level travel time spent in this place.
 C = Inter-level travel time spent in this place.
 D = Time resting spent in this place.
 E = Time spent auto-exploring this place.
 F = Levels seen in this place.
 G = Mean time per level.
                   A        B        C        D        E       F      G
               +--------+--------+--------+--------+--------+-----+--------+
         Total |    450 |    415 |     35 |    115 |     45 |   2 |  225.0 |
       Dungeon |    450 |    415 |     35 |    115 |     45 |   2 |  225.0 |
               +--------+--------+--------+--------+--------+-----+--------+

Top non-repeatable levels by time:
     D:5: 308 daAuts
     D:4: 142 daAuts
